 Dungeon Crawl Stone Soup version 0.17.1-3-g152610e (webtiles) character file.

24 ololoev the Skirmisher (level 2, 0/24 HPs)
             Began as a Demonspawn Fighter on Mar 21, 2016.
             Was an Initiate of Makhleb.
             Slain by an adder (2 damage)
             ... on level 2 of the Dungeon.
             The game lasted 00:02:54 (424 turns).

ololoev the Skirmisher (Demonspawn Fighter)          Turns: 424, Time: 00:02:54

Health: 0/24       AC:  7    Str: 16    XL:     2   Next: 79%
Magic:  2/2        EV:  6    Int:  9    God:    Makhleb [......]
Gold:   39         SH:  8    Dex: 12    Spells: 0 memorised, 1 level left

rFire  . . .     SeeInvis .     a - +0 war axe
rCold  . . .     Clarity  .     b - +0 scale mail
rNeg   + . .     SustAt   .     c - +0 shield
rPois  .         Gourm    .     (no helmet)
rElec  .         Spirit   .     (no cloak)
rCorr  .         Warding  +     k - +0 pair of gloves
rMut   .         Stasis   .     (no boots)
MR     .....                    h - amulet of warding
Stlth  ..........               (no ring)
                                (no ring)

@: not resistant to hostile enchantments, extremely unstealthy
A: talons 1
a: Renounce Religion


Innate Abilities, Weirdness & Mutations

You have sharp toenails.

Inventory:

Hand Weapons
 a - a +0 war axe (weapon)
Armour
 b - a +0 scale mail (worn)
 c - a +0 shield (worn)
 k - a +0 pair of gloves (worn)
Jewellery
 h - an amulet of warding (around neck)
Scrolls
 f - a scroll of teleportation {unknown}
 g - 2 scrolls of identify {unknown}
 i - a scroll of recharging {unknown}
 j - a scroll of enchant armour {unknown}
Comestibles
 e - 2 bread rations


   Skills:
 - Level 3.0 Fighting
 * Level 2.8 Axes
 + Level 2.9 Armour
 - Level 2.6 Shields
 + Level 0.3 Invocations


You had one spell level left.
You didn't know any spells.


You were on level 2 of the Dungeon.
You worshipped Makhleb.
Makhleb was noncommittal.
You were not hungry.

You visited 1 branch of the dungeon, and saw 2 of its levels.

You collected 39 gold pieces.

###########
######.........#
#..)@......###.#
......S##.###.#
....8.. #.# #.#
....... #.# #.#
....... #.# #.#
###### >......
#.# #.# #.....
....... #.###.##
.#.#### .......
#.##...##.#.#...
#...<.....#.#.##

Notes
Turn   | Place    | Note
--------------------------------------------------------------
     0 | D:1      | ololoev the Demonspawn Fighter began the quest for the Orb.
     0 | D:1      | Reached XP level 1. HP: 18/18 MP: 1/1
   116 | D:2      | Gained mutation: You have sharp toenails. [demonic ancestry]
   116 | D:2      | Reached XP level 2. HP: 24/24 MP: 2/2
   271 | D:2      | Found a burning altar of Makhleb.
   271 | D:2      | Found a stormy altar of Qazlal.
   275 | D:2      | Became a worshipper of Makhleb the Destroyer
   424 | D:2      | Slain by an adder

Dungeon Overview and Level Annotations

Branches:
Dungeon (2/15)

Altars:
Makhleb
Qazlal


Message History

You block the adder's attack.
You closely miss the adder. Your kick misses the adder.
You feel sick.
The adder bites you but does no damage. x2
You closely miss the adder. The adder closely misses you. The adder bites you.
Your shield and scale mail prevent you from hitting the adder.
You claw the adder, but do no damage.
You feel sick. The adder closely misses you.
The adder bites you but does no damage.
You hit the adder. You claw the adder, but do no damage.
The adder is lightly wounded.
The adder closely misses you. The adder barely misses you.
You barely miss the adder.
The adder is lightly wounded.
The adder bites you but does no damage. The adder bites you.
You hit the adder.
The adder is moderately wounded.
You feel sick.
You are no longer poisoned.
The adder bites you.
Drink which item? (? for menu, Esc to quit)
You feel better. You block the adder's attack. The adder bites you.
You closely miss the adder. You claw the adder, but do no damage.
The adder is moderately wounded.
You block the adder's attack. The adder bites you.
Your shield and scale mail prevent you from hitting the adder.
Your kick misses the adder.
The adder is moderately wounded.
You block the adder's attack. x2
You closely miss the adder.
The adder is moderately wounded.
The adder bites you but does no damage. x2
You miss the adder. You claw the adder, but do no damage.
The adder is moderately wounded.
The adder bites you. The adder barely misses you.
You miss the adder. You claw the adder.
The adder is moderately wounded.
You block the adder's attack.
You hit the adder but do no damage. Your kick misses the adder.
The adder is moderately wounded.
The adder bites you.
You die...

You could see an adder.

Vanquished Creatures
  2 worms (D:2)
  A giant gecko (D:2)
  A ball python (D:2)
  A bat (D:2)
  A giant cockroach (D:1)
  5 kobolds
  5 goblins
  3 rats
19 creatures vanquished.

Action                   || total
-------------------------++-------
Melee: War axe           ||    59
  Use: Potion            ||     3

Vault maps used:
D:1:      ncdulo_halloftheorcs
D:2:      gammafunk_temple_overflow_elements, first_bread, st_stairs_1,
          uniq_terence
